Map: Abyssal Reef LE

Players

Yata

  • Race: Zerg Zerg
  • League: Bronze
  • Spawn Location: 11:00

YoungGun - Winner!

  • Race: Protoss Protoss
  • League: Silver
  • Spawn Location: 5:00

VOD

Have the link to the VOD?

Description

Time

  • Played on: July 7, 2017, 6:32 p.m.
  • Length: 15:20
Show
View Real Time Build Order
Export as new Build Order

Yata Zerg 

Build Orders: Hatch First 

Get SALT Encoding   

  12  0:00  Drone  
  13  0:12  Overlord  
  13  0:18  Drone  
  14  0:31  Drone x2  
  14  0:34  Drone  
  17  0:56  Hatchery  
  16  0:59  Drone  
  16  1:00  Drone  
  18  1:05  Extractor  
  17  1:17  Spawning Pool  
  16  1:20  Drone  
  17  1:26  Drone  
  17  1:30  Drone  
  19  1:39  Overlord  
  19  1:51  Drone  
  20  2:02  Drone  
  20  2:06  Metabolic Boost  
  20  2:07  Queen  
  23  2:10  Queen  
  25  2:16  Zergling x2  
  25  2:19  Zergling x2  
  27  2:26  Drone x2  
  29  2:31  Overlord  
  29  2:43  Evolution Chamber  
  28  2:48  Queen  
  31  2:51  Drone x2  
  31  2:52  Drone  
  33  2:58  Drone  
  33  2:59  Drone  
  35  3:10  Zerg Missile Weapons Level 1  
  35  3:16  Roach Warren, Drone  
  35  3:17  Drone  
  36  3:20  Drone  
  36  3:24  Overlord  
  35  4:00  Lair  
  35  4:04  Queen  
  37  4:22  Roach x2  
  41  4:40  Pneumatized Carapace  
  41  4:41  Drone  
  41  4:42  Drone x4  
  41  4:43  Drone x6  
  52  5:05  Hatchery  
  51  5:10  Overlord x4  
  51  5:34  Hydralisk Den  
  50  5:54  Extractor x2  
  48  5:58  Extractor  
  46  6:20  Hydralisk x4  
  46  6:21  Hydralisk  
  43  6:50  Hydralisk  
  43  6:51  Hydralisk  
  36  7:43  Hatchery  
  35  7:46  Drone, Hydralisk Den  
  35  7:47  Drone x3  
  38  8:10  Drone x2  
  40  8:18  Drone x3  
  43  8:37  Zerg Missile Weapons Level 2  
  43  8:41  Drone x2  
  45  8:48  Drone x13  
  58  8:58  Overseer  
  58  9:00  Hydralisk  
  58  9:01  Hydralisk x2  
  64  9:21  Drone  
  64  9:22  Drone x9  
  74  9:29  Hydralisk  
  76  10:07  Overseer  
  76  10:17  Overlord x6  
  76  10:18  Overlord  
  76  10:35  Hydralisk x10  
  96  10:47  Hydralisk x5  
  96  10:48  Hydralisk x3  
  112  11:12  Spire  
  112  11:14  Hatchery  
  110  11:22  Extractor  
  110  11:23  Extractor  
  108  11:28  Infestation Pit  
  107  11:35  Muscular Augments  
  107  11:54  Queen  
  111  12:03  Zergling x2  
  111  12:04  Zergling x20  
  122  12:08  Overlord  
  122  12:09  Overlord  
  120  12:50  Drone  
  120  12:51  Drone x4  
  123  12:52  Drone  
  115  13:10  Corruptor x2  
  119  13:16  Queen  
  121  13:27  Extractor  
  121  13:28  Extractor  
  119  13:39  Queen  
  121  13:42  Queen  
  121  13:46  Hatchery  
  122  14:04  Hydralisk  
  122  14:05  Hydralisk x7  
  80  14:39  Zergling x2  
  80  14:40  Zergling x34  
Show
View Real Time Build Order
Export as new Build Order

YoungGun Protoss - Winner!

Build Orders:  

Get SALT Encoding   

  12  0:02  Probe (Chrono Boost)  
  13  0:16  Pylon  
  13  0:19  Probe (Chrono Boost)  
  14  0:32  Assimilator, Probe (Chrono Boost)  
  15  0:45  Gateway  
  15  0:47  Probe (Chrono Boost)  
  16  0:58  Probe (Chrono Boost)  
  17  1:07  Forge  
  17  1:09  Probe (Chrono Boost)  
  18  1:20  Probe (Chrono Boost)  
  18  1:21  Assimilator  
  19  1:30  Probe (Chrono Boost)  
  20  1:41  Cybernetics Core, Probe (Chrono Boost)  
  21  1:49  Pylon  
  21  1:52  Probe (Chrono Boost)  
  22  2:05  Photon Cannon  
  22  2:15  Photon Cannon  
  22  2:18  Probe (Chrono Boost)  
  23  2:31  Stargate  
  23  2:43  Stargate  
  23  2:54  Protoss Air Weapons Level 1  
  23  3:02  Probe (Chrono Boost)  
  24  3:25  Photon Cannon  
  24  3:28  Void Ray (Chrono Boost)  
  31  4:06  Void Ray (Chrono Boost)  
  31  4:10  Pylon  
  31  4:25  Pylon  
  31  4:28  Void Ray (Chrono Boost)  
  35  4:32  Probe  
  40  4:47  Void Ray (Chrono Boost)  
  40  5:09  Nexus  
  40  5:48  Pylon  
  40  5:51  Pylon  
  40  5:52  Void Ray (Chrono Boost)  
  44  6:02  Assimilator  
  44  6:06  Assimilator, Probe  
  49  6:12  Void Ray (Chrono Boost)  
  49  6:18  Probe  
  50  6:30  Probe  
  43  7:29  Void Ray (Chrono Boost)  
  43  7:35  Void Ray (Chrono Boost)  
  43  7:37  Photon Cannon x2  
  43  7:39  Photon Cannon  
  43  7:42  Photon Cannon  
  43  8:00  Probe  
  45  8:05  Probe  
  45  8:06  Void Ray (Chrono Boost)  
  45  8:11  Probe  
  49  8:17  Probe  
  51  8:21  Protoss Air Armor Level 1  
  51  8:22  Probe  
  58  8:27  Zealot  
  58  8:29  Probe  
  58  8:30  Void Ray (Chrono Boost)  
  59  8:43  Probe  
  59  8:46  Probe  
  61  8:51  Protoss Ground Weapons Level 1  
  61  8:53  Probe  
  61  8:54  Zealot  
  64  8:58  Probe  
  65  9:04  Probe  
  66  9:15  Void Ray (Chrono Boost), Probe  
  71  9:21  Gateway, Zealot  
  73  9:27  Gateway  
  73  9:39  Probe  
  74  9:45  Void Ray (Chrono Boost)  
  78  10:34  Twilight Council  
  78  10:41  Fleet Beacon  
  78  10:52  Pylon x2  
  78  11:01  Pylon  
  78  11:08  Nexus  
  78  11:10  Zealot x3  
  84  11:12  Pylon  
  84  11:15  Pylon  
  84  11:20  Void Ray (Chrono Boost)  
  88  11:37  Zealot x3  
  94  11:42  Assimilator, Graviton Catapult  
  94  11:45  Assimilator  
  94  11:46  Charge  
  94  11:50  Protoss Shields Level 1  
  94  11:52  Protoss Air Weapons Level 2 (Chrono Boost)  
  94  12:04  Zealot x2  
  98  12:43  Probe  
  98  12:49  Photon Cannon  
  98  12:50  Photon Cannon  
  99  12:53  Photon Cannon, Probe  
  99  12:55  Photon Cannon  
  100  12:59  Photon Cannon  
  100  13:00  Photon Cannon  
  100  13:04  Probe  
  101  13:07  Zealot x2  
  105  13:14  Probe  
  106  13:25  Probe  
  107  13:35  Probe  
  108  13:41  Zealot x3  
  108  13:45  Carrier  
  108  13:46  Probe  
  121  13:56  Probe  
  122  14:08  Zealot  
  124  14:12  Probe  
  124  14:14  Robotics Facility  
  125  14:23  Probe  
Tags
 
Matchup
PvZ
Replay Pack
Pack 1
Spawn Locations
Cross Positions
Add a new tag
Caveats
  • Supply blocks, unpowered buildings, or Contaminate may cause inaccurate times.
  • Supply counts are checked every 10 seconds.